 Dungeon Crawl Stone Soup version 0.29.1-1-gd02db6906a (webtiles) character file.

Game seed: 17370235158945272609

1066 sleeves the Trooper (level 8, -7/73 HPs)
             Began as a Minotaur Cinder Acolyte on Sept 24, 2022.
             Was a High Priest of Ignis.
             Succumbed to a gnoll sergeant's poison
             ... on level 5 of the Dungeon.
             The game lasted 00:04:37 (6099 turns).

sleeves the Trooper (Minotaur Cinder Acolyte)       Turns: 6099, Time: 00:04:37

Health: -7/73      AC:  6    Str: 19 (21) XL:     8   Next: 7%
Magic:  8/8        EV: 10    Int:  7 (9)  God:    Ignis [*****.]
Gold:   255        SH:  5    Dex:  5 (6)  Spells: 9/9 levels left

rFire   + . .      SeeInvis .   a - -1 hand axe (flame)
rCold   + . .      Faith    .   (no shield)
rNeg    . . .      Spirit   .   q - +0 ring mail
rPois   .          Reflect  +   (helmet restricted)
rElec   .          Harm     .   (no cloak)
rCorr   .          Rampage  .   (no gloves)
Will    .....                   (no boots)
Stlth   ..........              j - amulet of reflection
HPRegen 0.22/turn               b - ring of protection from cold
MPRegen 0.11/turn               (no ring)

@: lethally poisoned (-7 -> -48), attractive
A: horns 2, retaliatory headbutt, dopey 1
a: Renounce Religion, Fiery Armour, Foxfire Swarm, Rising Flame


You were on level 5 of the Dungeon.
You worshipped Ignis.
Ignis was extremely pleased with you.
You visited 1 branch of the dungeon, and saw 5 of its levels.

You collected 255 gold pieces.

Inventory:

Hand Weapons
 a - a -1 hand axe of flaming (weapon)
Armour
 q - a +0 ring mail (worn)
   (You found it on level 5 of the Dungeon)
Jewellery
 b - a ring of protection from cold (left hand)
   (You found it on level 2 of the Dungeon)
 j - an amulet of reflection (around neck)
   (You found it on level 3 of the Dungeon)
Wands
 i - a wand of acid (10)
   (You found it on level 3 of the Dungeon)
 r - a wand of polymorph (10)
   (You found it on level 5 of the Dungeon)
Scrolls
 c - 5 scrolls of identify {unknown}
 d - a scroll of blinking {unknown}
 e - a scroll of silence {unknown}
 f - 3 scrolls of teleportation {unknown}
 g - 4 scrolls of fear {unknown}
 l - a scroll of vulnerability {unknown}
 m - a scroll of poison {unknown}
 p - a scroll of amnesia {unknown}


   Skills:
 + Level 7.5 Fighting
 + Level 7.5 Axes
 + Level 6.2 Armour
 - Level 1.0 Spellcasting
 - Level 2.1 Fire Magic


You had 9 spell levels left.
You didn't know any spells.
Your spell library contained the following spells:

 Spells                   Type           Power      Damage    Failure   Level
 Scorch                   Fire           6%         2d5       38%         2
 Hailstorm                Conj/Ice       0%         3d3       100%        4
 Ice Form                 Ice/Tmut       0%         N/A       100%        4
 Simulacrum               Ice/Necr       0%         N/A       100%        6


Dungeon Overview and Level Annotations

Branches:
Dungeon (5/15)
 Temple: D:4-7

Altars:
Cheibriados
Elyvilon
Ru
The Shining One

Shops:
D:4 [


Innate Abilities, Weirdness & Mutations

You have a pair of horns on your head.
You reflexively headbutt those who attack you in melee.
You are dopey. (Int -2)


Message History

Done exploring.
Done exploring.
(D) Dungeon
Where to? (Enter - D:3, ? - help)
There is a stone staircase leading down here.
You climb downwards.
The hobgoblin shouts!
Found 7 gold pieces, a scroll labelled ROXULU RYARGH and 4 poisoned darts.
Found Zixiet's Armour Boutique.
There is a stone staircase leading up here.
A hobgoblin is nearby!
A hobgoblin is nearby!
You see here a scroll labelled ROXULU RYARGH.
An iguana comes into view.
The iguana hisses angrily.
You hit the hobgoblin. You burn the hobgoblin.
You kill the hobgoblin!
Found a scroll labelled RUIN DAYSHY.
You hit the iguana. You burn the iguana. You headbutt the iguana.
The iguana is heavily wounded.
You block the iguana's attack.
You barely miss the iguana. You headbutt the iguana.
The iguana is almost dead.
The iguana bites you.
You hit the iguana but do no damage. You headbutt the iguana.
You kill the iguana!
No target in view!
HP restored.
g - 4 scrolls labelled ROXULU RYARGH (gained 1)
You now have 159 gold pieces (gained 7).
There is an entrance to Zixiet's Armour Boutique here.
You can access your shopping list by pressing '$'.
You see here 4 poisoned darts.
c - 3 scrolls labelled RUIN DAYSHY (gained 1)
m - a scroll labelled VIYH MAJALOAN
Found an escape hatch in the floor.
You now have enough gold to buy a +0 kite shield of cold resistance on this level.
You can access your shopping list by pressing '$'.
You now have 186 gold pieces (gained 27).
A hobgoblin comes into view.
The hobgoblin shouts!
A hobgoblin is nearby!
A hobgoblin is nearby!
A goblin comes into view. It is wielding a +0 dagger.
The goblin shouts!
Found a whip.
The hobgoblin hits you.
You hit the hobgoblin but do no damage.
The hobgoblin hits you but does no damage.
You slash the hobgoblin! You burn the hobgoblin.
You kill the hobgoblin!
You hit the goblin. You burn the goblin.
You kill the goblin!
No target in view!
No target in view!
No target in view!
No target in view!
Found a stone staircase leading down and a stone staircase leading up.
Found a stone staircase leading down.
No target in view!
No target in view!
No target in view!
No target in view!
No target in view!
No target in view!
f - 2 scrolls labelled SALEON TOXOMNOSMU (gained 1) Menkaure, Prince of Dust comes into view.
Menkaure shouts!
Menkaure gestures wildly while chanting.
Menkaure seems to speed up.
Menkaure is nearby!
Menkaure is nearby!
Menkaure is nearby!
Aiming: Corrosive Bolt
Press: ? - help, Shift-Dir - straight line, f - you
Okay, then.
You start waiting.
Menkaure closely misses you.
You hit Menkaure. You burn Menkaure. Your headbutt misses Menkaure.
Menkaure is heavily damaged.
You block Menkaure's attack.
You barely miss Menkaure. Your headbutt misses Menkaure.
Menkaure is heavily damaged.
Menkaure hits you!
You hit Menkaure. You burn Menkaure. You headbutt Menkaure.
Menkaure is severely damaged.
Menkaure calls on the powers of darkness!
Your body is wracked with pain!
* * * LOW HITPOINT WARNING * * *
You are too injured to fight recklessly!
You are too injured to fight recklessly!
You hit Menkaure. You burn Menkaure.
Menkaure is almost destroyed.
Menkaure gestures at you while chanting.
You barely resist.
Menkaure giggles, "These cerements are ticklish..."
Menkaure hits you!
* * * LOW HITPOINT WARNING * * *
You hit Menkaure. You burn Menkaure.
You destroy Menkaure!
Your Armour skill increases to level 4!
You have reached level 6!
You start resting.
HP restored.
Found a rapier.
You now have 198 gold pieces (gained 12).
Found an escape hatch in the ceiling.
A goblin comes into view. It is wielding a +0 dagger.
The goblin hits you but does no damage.
You hit the goblin. You burn the goblin. You headbutt the goblin.
You kill the goblin!
No target in view!
No target in view!
No target in view!
You see here a +0 dagger.
Found a stone staircase leading down.
Found a stone staircase leading up.
Sigmund the Dreaded comes into view.
He is wielding a +0 scythe.
Sigmund shouts!
Found 14 gold pieces.
Sigmund casts a spell at you. The puff of flame hits you. You resist.
You closely miss Sigmund. Sigmund hits you with a +0 scythe.
You barely miss Sigmund. Sigmund hits you with a +0 scythe!
You slash Sigmund! You burn Sigmund.
Sigmund is moderately wounded.
You slash Sigmund! You burn Sigmund.
Sigmund is severely wounded.
Sigmund closely misses you.
You closely miss Sigmund. You headbutt Sigmund, but do no damage.
Sigmund is severely wounded.
You block Sigmund's attack.
You hit Sigmund. You burn Sigmund.
You kill Sigmund!
Your Fighting skill increases to level 6!
Your Axes skill increases to level 6!
No target in view!
No target in view!
A goblin comes into view. It is wielding a +0 club.
A goblin is nearby!
A goblin is nearby!
The goblin shouts!
Found 4 poisoned darts.
The goblin hits you with a +0 club.
You slash the goblin! You burn the goblin.
You kill the goblin!
No target in view!
No target in view!
No target in view!
No target in view!
No target in view!
You now have 212 gold pieces (gained 14).
There is an escape hatch in the ceiling here.
n - a viscous sapphire potion A hobgoblin comes into view.
You see here a book of the Tundra.
A hobgoblin is nearby!
You pick up a book of the Tundra and begin reading...
You add the spells Hailstorm, Ice Form and Simulacrum to your library.
You enter the shallow water.
Moving in this stuff is going to be slow.
You barely miss the hobgoblin. The hobgoblin misses you.
You hit the hobgoblin. You burn the hobgoblin.
You kill the hobgoblin!
No target in view!
No target in view!
No target in view!
No target in view!
No target in view!
No target in view!
You enter the shallow water.
Moving in this stuff is going to be slow.
You enter the shallow water.
Moving in this stuff is going to be slow.
A ball python comes into view.
The ball python hisses angrily.
A ball python is nearby!
A ball python is nearby!
The ball python bites you but does no damage.
The ball python grabs you. The ball python constricts you.
You hit the ball python. You burn the ball python.
You kill the ball python!
No target in view!
No target in view!
No target in view!
No target in view!
No target in view!
No target in view!
No target in view!
There is a stone staircase leading up here.
o - a viscous green potion You now have 228 gold pieces (gained 16).
There is a stone staircase leading up here.
There is a stone staircase leading down here.
An adder comes into view.
The adder hisses angrily.
An adder is nearby!
You miss the adder. The adder misses you. You furiously retaliate!
You headbutt the adder! You hit the adder. You burn the adder.
You kill the adder!
No target in view!
No target in view!
No target in view!
No target in view!
No target in view!
No target in view!
No target in view!
No target in view!
No target in view!
No target in view!
You see here an adder corpse.
You see here an adder corpse.
You enter the shallow water.
Moving in this stuff is going to be slow.
You see here a hobgoblin corpse.
Partly explored, can't reach some places.
Partly explored, can't reach some places.
Partly explored, can't reach some places.
Search for what [Enter for "armor", or ? for help]? armor
(D) Dungeon
Where to? (Enter - D:4, ? - help)
You see here a hobgoblin corpse.
You see here a +0 club.
There is a stone staircase leading down here.
You climb downwards.
There is a stone staircase leading up here.
Found 5 stones.
You see here 5 stones.
As you open the door, it creaks loudly!
There is an open door here.
You open the door.
There is an open door here.
You open the door.
Found a sacrificial altar of Ru.
There is an open door here.
You open the door.
There is an open door here.
You open the door. You open the door.
An iguana comes into view.
The iguana hisses angrily.
There is an open door here.
An iguana is nearby!
An iguana is nearby!
An iguana is nearby!
You barely miss the iguana.
You headbutt the iguana, but do no damage.
The iguana closely misses you.
You closely miss the iguana. The iguana closely misses you.
You furiously retaliate!
You headbutt the iguana. You hit the iguana but do no damage.
The iguana is lightly wounded.
The iguana bites you!
You barely miss the iguana.
The iguana is lightly wounded.
The iguana completely misses you.
You barely miss the iguana. You headbutt the iguana!
The iguana is severely wounded.
The iguana closely misses you.
You hit the iguana. You burn the iguana.
The iguana is almost dead.
You block the iguana's attack.
You hit the iguana. You burn the iguana.
You kill the iguana!
HP restored.
You open the door.
There is an open door here.
As you open the door, it creaks loudly!
An adder and an iguana come into view.
The adder hisses angrily.
There are monsters nearby!
There are monsters nearby!
You block the iguana's attack.
There is an open door here.
You hit the iguana but do no damage. The iguana closely misses you.
You furiously retaliate!
You headbutt the iguana. You hit the iguana. You burn the iguana.
Your headbutt misses the iguana.
The iguana is heavily wounded.
You hit the adder but do no damage. The adder completely misses you.
You furiously retaliate!
You headbutt the adder, but do no damage.
The iguana bites you.
You hit the iguana but do no damage.
The iguana is heavily wounded.
You completely miss the adder. The adder bites you.
You are poisoned.
The adder poisons you! The adder closely misses you.
The iguana hisses menacingly.
The iguana closely misses you.
You barely miss the iguana.
The iguana is heavily wounded.
You hit the adder but do no damage.
You feel sick. You block the adder's attack.
The iguana bites you but does no damage.
You hit the iguana but do no damage.
The iguana is heavily wounded.
You hit the adder. You burn the adder.
You feel sick. The adder closely misses you. The iguana bites you!
You closely miss the iguana.
The iguana is heavily wounded.
You hit the adder. You burn the adder.
You feel sick. The adder bites you but does no damage. The adder misses you.
The iguana bites you.
You are too injured to fight recklessly!
You are too injured to fight recklessly!
You are too injured to fight recklessly!
You are too injured to fight recklessly!
You are too injured to fight recklessly!
You are too injured to fight recklessly!
You feel sick.
You hit the adder. You burn the adder.
You kill the adder!
You feel sick.
You are no longer poisoned.
You have reached level 7!
You closely miss the iguana.
The iguana is heavily wounded.
The iguana barely misses you.
You hit the iguana but do no damage. You headbutt the iguana.
The iguana is severely wounded.
The iguana bites you.
* * * LOW HITPOINT WARNING * * *
You hit the iguana. You burn the iguana.
The iguana is severely wounded.
The iguana barely misses you.
You barely miss the iguana. You headbutt the iguana.
You kill the iguana!
There is an open door, spattered with blood here.
You see here an adder corpse.
You open the door.
Found an escape hatch in the floor.
There is an open door here.
c - 4 scrolls labelled RUIN DAYSHY (gained 1)
A hound comes into view.
Found 15 gold pieces.
The hound barks!
You hit the hound but do no damage. The hound bites you.
You closely miss the hound. The hound closely misses you.
The hound barely misses you. You furiously retaliate!
You headbutt the hound! You hit the hound. You burn the hound.
The hound is almost dead.
You block the hound's attack.
You slash the hound! You burn the hound.
You kill the hound!
No target in view!
No target in view!
No target in view!
You see here a hound corpse.
c - 5 scrolls labelled RUIN DAYSHY (gained 1)
f - 3 scrolls labelled SALEON TOXOMNOSMU (gained 1)
You now have 243 gold pieces (gained 15).
You see here a hound corpse.
Found an escape hatch in the ceiling.
There is an escape hatch in the ceiling here.
An iguana comes into view.
Found a leather armour.
The iguana hisses angrily.
An iguana is nearby!
You barely miss the iguana. You hit the iguana but do no damage.
The iguana bites you but does no damage.
You barely miss the iguana. The iguana misses you.
You hit the iguana. You burn the iguana.
The iguana is moderately wounded.
You block the iguana's attack.
You barely miss the iguana.
You headbutt the iguana, but do no damage.
The iguana is moderately wounded.
The iguana bites you.
You completely miss the iguana. You headbutt the iguana!
The iguana is severely wounded.
The iguana closely misses you. You furiously retaliate!
You headbutt the iguana!
You kill the iguana!
Your Armour skill increases to level 5!
No target in view!
No target in view!
No target in view!
No target in view!
You see here a +0 leather armour.
As you open the door, it creaks loudly!
There is an open door here.
You open the door.
There is an open door here.
You open the door.
There is an open door here.
p - a scroll labelled ONUOSI KOXKOC You open the door.
There is an open door here.
An ufetubus comes into view.
The ufetubus moves out of view.
No target in view!
No target in view!
No target in view!
No target in view!
No target in view!
An ufetubus is nearby!
An ufetubus is nearby!
An ufetubus is nearby!
You hit the ufetubus. You burn the ufetubus.
You headbutt the ufetubus, but do no damage.
The ufetubus is heavily wounded.
The ufetubus hits you but does no damage.
The ufetubus misses you.
You barely miss the ufetubus. Your headbutt misses the ufetubus.
The ufetubus is heavily wounded.
You block the ufetubus's attack. The ufetubus misses you.
You block the ufetubus's attack. The ufetubus closely misses you.
You hit the ufetubus. You burn the ufetubus.
You kill the ufetubus!
No target in view!
No target in view!
No target in view!
No target in view!
No target in view!
No target in view!
Found a stone staircase leading up.
Found a stone staircase leading down.
There is a stone staircase leading down here.
There is a stone staircase leading down here.
Found a leather armour.
No target in view!
No target in view!
No target in view!
No target in view!
No target in view!
No target in view!
No target in view!
No target in view!
No target in view!
No target in view!
You see here a +0 leather armour.
You see here a +0 leather armour.
You now have 255 gold pieces (gained 12).
You open the door.
Found a scale mail.
Found a stone staircase leading down.
There is an open door here.
As you open the door, it creaks loudly!
No target in view!
No target in view!
No target in view!
No target in view!
No target in view!
There is an open door here.
Found a whip.
There is an open door here.
You open the door.
There is an open door here.
You open the door.
There is an open door here.
There is an open door here.
You see here a +0 leather armour.
Found a short sword.
You see here a +0 short sword.
A scorpion comes into view.
A scorpion is nearby!
A scorpion is nearby!
The scorpion closely misses you. You furiously retaliate!
You headbutt the scorpion, but do no damage.
The scorpion stings you!
You closely miss the scorpion. Your headbutt misses the scorpion.
The scorpion stings you.
You barely miss the scorpion. The scorpion closely misses you.
You completely miss the scorpion. The scorpion stings you.
You are poisoned.
The scorpion poisons you!
You hit the scorpion but do no damage.
You feel very sick.
The scorpion stings you but does no damage.
You hit the scorpion but do no damage.
You feel sick. The scorpion barely misses you.
You hit the scorpion. You burn the scorpion. You headbutt the scorpion.
The scorpion is moderately wounded.
You feel sick. The scorpion stings you.
You are more poisoned.
The scorpion poisons you! The scorpion misses you.
You barely miss the scorpion.
The scorpion is lightly wounded.
You feel very sick. You block the scorpion's attack.
You are too injured to fight recklessly!
A scorpion is nearby!
You closely miss the scorpion.
The scorpion is lightly wounded.
You feel sick. The scorpion closely misses you.
You hit the scorpion. You burn the scorpion.
The scorpion is heavily wounded.
You feel very sick. The scorpion stings you.
You hit the scorpion but do no damage.
The scorpion is heavily wounded.
You feel sick. The scorpion barely misses you.
You hit the scorpion but do no damage.
The scorpion is heavily wounded.
You feel sick. The scorpion barely misses you.
You barely miss the scorpion. You headbutt the scorpion.
The scorpion is severely wounded.
You feel sick. You block the scorpion's attack. The scorpion barely misses you.
You furiously retaliate!
You headbutt the scorpion. You barely miss the scorpion.
The scorpion is almost dead.
You feel sick. The scorpion barely misses you. You furiously retaliate!
You headbutt the scorpion.
You kill the scorpion!
You feel sick.
You feel sick.
You feel sick.
You are no longer poisoned.
An iguana comes into view.
The iguana hisses angrily.
An iguana is nearby!
An iguana is nearby!
The iguana closely misses you.
You hit the iguana but do no damage. The iguana bites you.
You hit the iguana. You burn the iguana. Your headbutt misses the iguana.
The iguana is lightly wounded.
The iguana bites you!
You closely miss the iguana. You headbutt the iguana.
The iguana is heavily wounded.
The iguana barely misses you.
You hit the iguana. You burn the iguana. You punch the iguana.
The iguana is severely wounded.
The iguana bites you.
You closely miss the iguana.
The iguana is severely wounded.
The iguana bites you!
You slash the iguana! You burn the iguana.
You kill the iguana!
Found a flail.
A water moccasin comes into view.
The water moccasin hisses angrily.
A water moccasin is nearby!
You slash the water moccasin! You burn the water moccasin.
Your headbutt misses the water moccasin.
The water moccasin is heavily wounded.
The water moccasin bites you. x2
You are poisoned.
The water moccasin poisons you!
You closely miss the water moccasin.
Your headbutt misses the water moccasin.
The water moccasin is heavily wounded.
You feel very sick. The water moccasin barely misses you.
You miss the water moccasin.
The water moccasin is heavily wounded.
You feel sick.
The water moccasin completely misses you.
The water moccasin closely misses you. You furiously retaliate!
You headbutt the water moccasin! You closely miss the water moccasin.
The water moccasin is severely wounded.
You feel sick. The water moccasin bites you.
You miss the water moccasin.
The water moccasin is severely wounded.
You feel sick. You block the water moccasin's attack.
You hit the water moccasin. You burn the water moccasin.
You kill the water moccasin!
You feel sick.
No target in view!
You feel sick.
You feel sick.
You feel sick.
You feel sick.
You feel sick.
You are no longer poisoned.
You see here a water moccasin corpse.
As you open the door, it creaks loudly!
A gnoll comes into view. It is wielding a +0 spear.
The gnoll shouts!
You hear a shout! x2
A gnoll comes into view. It is wielding a +0 spear.
There are monsters nearby!
There are monsters nearby!
There are monsters nearby!
A gnoll comes into view. It is wielding a +0 flail.
A gnoll comes into view. It is wielding a +0 whip.
There is an open door here.
There are monsters nearby!
There are monsters nearby!
There are monsters nearby!
You start waiting.
A gnoll is nearby!
You block the gnoll's attack.
The gnoll hits you from afar with a +0 spear.
You block the gnoll's attack. The gnoll hits you with a +0 spear.
You hit the gnoll. You burn the gnoll.
The gnoll is lightly wounded.
You hit the gnoll. You burn the gnoll. The gnoll hits you with a +0 spear. x2
You closely miss the gnoll.
The gnoll is heavily wounded.
You hit the gnoll. You burn the gnoll. The gnoll hits you with a +0 spear.
The gnoll hits you with a +0 spear!
You are too injured to fight recklessly!
You are too injured to fight recklessly!
You are too injured to fight recklessly!
You hit the gnoll but do no damage.
The gnoll is heavily wounded.
You hit the gnoll. You burn the gnoll. The gnoll closely misses you.
The gnoll hits you with a +0 spear.
* * * LOW HITPOINT WARNING * * *
You hit the gnoll. You burn the gnoll.
The gnoll is severely wounded.
You hit the gnoll but do no damage. The gnoll hits you with a +0 spear.
* * * LOW HITPOINT WARNING * * *
The gnoll hits you with a +0 spear.
* * * LOW HITPOINT WARNING * * *
You hit the gnoll. You burn the gnoll.
You kill the gnoll!
You hit the gnoll. You burn the gnoll.
You kill the gnoll!
Your Fighting skill increases to level 7!
HP restored.
Things that are here:
a +0 spear; a gnoll skeleton
There is an open door here.
A gnoll comes into view. It is wielding a +0 club.
The gnoll shouts!
A gnoll is nearby!
The gnoll shouts!
You hear a shout!
There is an open door here.
You block the gnoll's attack.
You slash the gnoll! You burn the gnoll.
The gnoll is severely wounded.
A gnoll sergeant comes into view. It is wielding a +1 spear of venom.
You block the gnoll's attack.
You closely miss the gnoll. You headbutt the gnoll.
The gnoll is severely wounded.
The gnoll barely misses you.
You closely miss the gnoll. Your headbutt misses the gnoll.
The gnoll is severely wounded.
You block the gnoll's attack.
You slash the gnoll! You burn the gnoll.
You kill the gnoll!
Your Axes skill increases to level 7!
You closely miss the gnoll. Your headbutt misses the gnoll.
The gnoll hits you with a +0 whip.
You barely miss the gnoll. Your headbutt misses the gnoll.
The gnoll hits you with a +0 whip.
You barely miss the gnoll. You headbutt the gnoll.
The gnoll is heavily wounded.
The gnoll hits you with a +0 whip!
You closely miss the gnoll. Your headbutt misses the gnoll.
The gnoll is moderately wounded.
The gnoll hits you with a +0 whip.
You barely miss the gnoll.
The gnoll is moderately wounded.
The gnoll barely misses you.
You closely miss the gnoll. Your headbutt misses the gnoll.
The gnoll is moderately wounded.
The gnoll misses you.
You hit the gnoll but do no damage. Your headbutt misses the gnoll.
The gnoll is moderately wounded.
You block the gnoll's attack.
You barely miss the gnoll. You headbutt the gnoll.
The gnoll is severely wounded.
The gnoll hits you with a +0 whip!
You are too injured to fight recklessly!
You are too injured to fight recklessly!
You are too injured to fight recklessly!
You are too injured to fight recklessly!
You are too injured to fight recklessly!
You are too injured to fight recklessly!
The gnoll attacks as you move away! You block the gnoll's attack.
There is an open door here.
The gnoll attacks as you move away! The gnoll closely misses you.
The gnoll attacks as you move away! The gnoll hits you with a +0 whip.
The gnoll attacks as you move away! The gnoll misses you.
The gnoll attacks as you move away! The gnoll hits you with a +0 whip.
* * * LOW HITPOINT WARNING * * *
The gnoll attacks as you move away! The gnoll barely misses you.
You furiously retaliate!
You headbutt the gnoll!
You kill the gnoll!
There is an open door here.
There is an escape hatch in the ceiling here.
You block the gnoll's attack.
The gnoll sergeant hits you from afar with a +1 spear of venom!
* * * LOW HITPOINT WARNING * * *
A mysterious force pulls you upwards. The hatch slams shut behind you.
You hit the gnoll. You burn the gnoll.
The gnoll is moderately wounded.
The gnoll hits you with a +0 flail!
* * * LOW HITPOINT WARNING * * *
You hit the gnoll. You burn the gnoll.
The gnoll is heavily wounded.
The gnoll barely misses you.
You hit the gnoll but do no damage.
You headbutt the gnoll, but do no damage.
The gnoll is heavily wounded.
You hit the gnoll. You burn the gnoll.
The gnoll is severely wounded.
The gnoll hits you with a +0 flail.
* * * LOW HITPOINT WARNING * * *
You hit the gnoll but do no damage.
The gnoll is severely wounded.
The gnoll hits you with a +0 flail!
* * * LOW HITPOINT WARNING * * *
You hit the gnoll. You burn the gnoll.
You kill the gnoll!
You see here a +0 flail.
You start resting.
HP restored.
(D) Dungeon
Where to? (Enter - D:5, ? - help)
There is a stone staircase leading down here.
You climb downwards.
There is a stone staircase leading up here.
You open the door.
There is an open door here.
There is an open door here.
Found a mace.
Found a ring mail.
A black bear comes into view.
A black bear is nearby!
Found a stone staircase leading up.
You barely miss the black bear. You block the black bear's attack.
The black bear claws you. You block the black bear's attack.
You hit the black bear. You burn the black bear. You headbutt the black bear.
The black bear is heavily wounded.
The black bear completely misses you. You furiously retaliate!
You headbutt the black bear. You block the black bear's attack.
The black bear claws you but does no damage.
You barely miss the black bear.
The black bear is severely wounded.
The black bear bites you. The black bear claws you. x2
You barely miss the black bear.
The black bear is severely wounded.
The black bear closely misses you. You furiously retaliate!
You headbutt the black bear. The black bear barely misses you.
The black bear closely misses you.
You hit the black bear but do no damage.
Your headbutt misses the black bear.
The black bear is severely wounded.
The black bear bites you. The black bear barely misses you.
The black bear misses you.
You hit the black bear but do no damage.
Your headbutt misses the black bear.
The black bear is severely wounded.
The black bear goes berserk!
You slash the black bear! You burn the black bear.
The black bear is almost dead.
The black bear bites you! The black bear barely misses you.
The black bear claws you.
You are too injured to fight recklessly!
You are too injured to fight recklessly!
You are too injured to fight recklessly!
You are too injured to fight recklessly!
You are too injured to fight recklessly!
You are too injured to fight recklessly!
You are too injured to fight recklessly!
You are too injured to fight recklessly!
You are too injured to fight recklessly!
You are too injured to fight recklessly!
You are too injured to fight recklessly!
You are too injured to fight recklessly!
You are too injured to fight recklessly!
You hit the black bear. You burn the black bear.
You kill the black bear!
HP restored.
You open the door.
There is an open door here.
A phantom comes into view.
A phantom is nearby!
A phantom is nearby!
You hit the phantom but do no damage. You headbutt the phantom.
The phantom is lightly damaged.
You hit the phantom. You burn the phantom. Your headbutt misses the phantom.
The phantom is heavily damaged.
The phantom hits you.
You slash the phantom! You burn the phantom.
The phantom is almost destroyed.
The phantom hits you.
The phantom blinks!
You blink.
You closely miss the phantom. Your headbutt misses the phantom.
The phantom is almost destroyed.
The phantom hits you but does no damage.
You closely miss the phantom.
You headbutt the phantom, but do no damage.
The phantom is almost destroyed.
The phantom hits you but does no damage.
You hit the phantom but do no damage.
The phantom is almost destroyed.
The phantom closely misses you.
You hit the phantom. You burn the phantom.
You destroy the phantom!
Your Armour skill increases to level 6!
You have reached level 8!
You feel stronger.
A jelly comes into view.
The jelly quivers.
A jelly is nearby!
A jelly is nearby!
A jelly is nearby!
The jelly hits you but does no damage.
You hit the jelly but do no damage. The acid corrodes you!
Your hands burn!
You headbutt the jelly!
The jelly is heavily wounded.
The jelly hits you.
You are splashed with acid.
You hit the jelly but do no damage. The acid corrodes you!
Your hands burn!
The jelly is heavily wounded.
The jelly hits you. The acid corrodes you!
You are splashed with acid!
You hit the jelly but do no damage.
Your hands burn!
The jelly is heavily wounded.
The jelly completely misses you.
You hit the jelly. You burn the jelly. The acid corrodes you!
Your hands burn!
Your headbutt misses the jelly.
The jelly is severely wounded.
The jelly hits you.
You are splashed with acid!
You are too injured to fight recklessly!
You are too injured to fight recklessly!
You are too injured to fight recklessly!
You are too injured to fight recklessly!
You are too injured to fight recklessly!
You are too injured to fight recklessly!
You are too injured to fight recklessly!
You hit the jelly but do no damage.
Your hands burn!
* * * LOW HITPOINT WARNING * * *
You headbutt the jelly.
The jelly is severely wounded.
The jelly hits you.
* * * LOW HITPOINT WARNING * * *
You are splashed with acid!
* * * LOW HITPOINT WARNING * * *
You slash the jelly! You burn the jelly.
You kill the jelly!
You see here a +0 ring mail.
You start resting.
You are no longer corroded.
You start resting.
HP restored.
q - a +0 ring mail You start removing your armour.
You continue taking off your +0 leather armour. x4
You finish taking off your +0 leather armour.
You start putting on your armour.
You continue putting on your +0 ring mail. x5
You finish putting on your +0 ring mail.
You drop a +0 leather armour.
h - a murky green potion An iguana comes into view.
The iguana hisses angrily.
An iguana is nearby!
You block the iguana's attack.
You hit the iguana but do no damage. The iguana closely misses you.
You furiously retaliate!
You headbutt the iguana. You hit the iguana but do no damage.
Your headbutt misses the iguana.
The iguana is lightly wounded.
The iguana bites you.
You hit the iguana. You burn the iguana.
The iguana is heavily wounded.
The iguana barely misses you.
You hit the iguana but do no damage. Your headbutt misses the iguana.
The iguana is heavily wounded.
The iguana bites you!
You hit the iguana but do no damage.
The iguana is heavily wounded.
You hit the iguana. You burn the iguana.
The iguana is almost dead.
You block the iguana's attack.
You barely miss the iguana. You headbutt the iguana.
The iguana is almost dead.
You block the iguana's attack.
You barely miss the iguana.
The iguana is almost dead.
The iguana closely misses you.
You slash the iguana! You burn the iguana.
You kill the iguana!
You see here an iguana corpse.
Found a ring mail.
Found a stone staircase leading down.
An adder comes into view.
An adder is nearby!
The adder barely misses you.
You closely miss the adder. Your headbutt misses the adder.
The adder bites you but does no damage.
You barely miss the adder. Your headbutt misses the adder.
You block the adder's attack.
You miss the adder. You block the adder's attack.
You hit the adder. You burn the adder.
The adder is heavily wounded.
The adder barely misses you. You furiously retaliate!
You headbutt the adder!
You kill the adder!
No target in view!
No target in view!
No target in view!
No target in view!
No target in view!
You see here an adder corpse.
r - a wand of polymorph (10)
You see here a +0 mace.
As you open the door, it creaks loudly!
There is an open door here.
Done exploring.
No target in view!
No target in view!
No target in view!
No target in view!
No target in view!
No target in view!
No target in view!
No target in view!
Search for what [Enter for "armor", or ? for help]?
Unknown command.
The gnoll sergeant shouts!
There is an open door here.
The gnoll sergeant barely misses you.
You hit the gnoll sergeant but do no damage.
You block the gnoll sergeant's attack.
You hit the gnoll sergeant but do no damage.
The gnoll sergeant barely misses you.
You hit the gnoll sergeant but do no damage.
The gnoll sergeant hits you but does no damage.
You are poisoned.
You barely miss the gnoll sergeant.
You headbutt the gnoll sergeant, but do no damage.
You feel sick.
The gnoll sergeant hits you with a +1 spear of venom.
You are more poisoned.
You hit the gnoll sergeant. You burn the gnoll sergeant.
You headbutt the gnoll sergeant.
The gnoll sergeant is lightly wounded.
You feel very sick.
The gnoll sergeant hits you with a +1 spear of venom.
You are more poisoned.
You barely miss the gnoll sergeant. You headbutt the gnoll sergeant.
The gnoll sergeant is lightly wounded.
You feel very sick.
The gnoll sergeant hits you but does no damage.
You are more poisoned.
You closely miss the gnoll sergeant.
You headbutt the gnoll sergeant, but do no damage.
The gnoll sergeant is lightly wounded.
You feel very sick.
You barely miss the gnoll sergeant.
The gnoll sergeant is lightly wounded.
You feel very sick. You block the gnoll sergeant's attack.
You are too injured to fight recklessly!
You are too injured to fight recklessly!
You are too injured to fight recklessly!
You are too injured to fight recklessly!
You are too injured to fight recklessly!
You are too injured to fight recklessly!
You are too injured to fight recklessly!
You are too injured to fight recklessly!
Okay, then.
You hit the gnoll sergeant. You burn the gnoll sergeant.
Your headbutt misses the gnoll sergeant.
The gnoll sergeant is heavily wounded.
You feel very sick.
The gnoll sergeant hits you with a +1 spear of venom.
* * * LOW HITPOINT WARNING * * *
You are more poisoned.
Okay, then.
You hit the gnoll sergeant but do no damage.
You headbutt the gnoll sergeant, but do no damage.
The gnoll sergeant is heavily wounded.
* * * LOW HITPOINT WARNING * * *
You feel very sick. The gnoll sergeant closely misses you.
You hit the gnoll sergeant but do no damage.
Your headbutt misses the gnoll sergeant.
The gnoll sergeant is heavily wounded.
* * * LOW HITPOINT WARNING * * *
You feel very sick.
The gnoll sergeant hits you with a +1 spear of venom.
* * * LOW HITPOINT WARNING * * *
You are more poisoned.
It was a potion of mutation.
You feel extremely strange.
You feel stupid.
* * * LOW HITPOINT WARNING * * *
You feel very sick.
The gnoll sergeant hits you with a +1 spear of venom.
* * * LOW HITPOINT WARNING * * *
You are more poisoned.
It was a potion of degeneration.
There was something very wrong with that liquid.
You feel weakened.
You feel dopey.
You feel clumsy.
* * * LOW HITPOINT WARNING * * *
You feel very sick. You block the gnoll sergeant's attack.
It was a potion of heal wounds.
You feel much better.
You feel very sick.
The gnoll sergeant hits you with a +1 spear of venom.
* * * LOW HITPOINT WARNING * * *
You are lethally poisoned!
It was a potion of attraction.
You feel attractive to monsters.
* * * LOW HITPOINT WARNING * * *
You feel extremely sick.
The gnoll sergeant hits you with a +1 spear of venom.
* * * LOW HITPOINT WARNING * * *
You are more poisoned.
You hit the gnoll sergeant but do no damage.
The gnoll sergeant is moderately wounded.
* * * LOW HITPOINT WARNING * * *
You feel extremely sick.
The gnoll sergeant hits you with a +1 spear of venom.
* * * LOW HITPOINT WARNING * * *
You are more poisoned.
You hit the gnoll sergeant but do no damage.
You headbutt the gnoll sergeant.
The gnoll sergeant is heavily wounded.
You die...

#.#......# ##...## #.#####..#
#......### ##.....## #.#####))##
######.## ##.......###g#........
#####...####.........##.#......##
.........).'....)....'.......#.##
#####...####.........##.#....#.##
##...# ##.......###.#........
###.# ##..g..## #........## #.#
##.@.## ######.### #.# ##'## #.#
#.# #.# #.# #.# #.# #.# #.#
##.##### #.#
#.######......#######.#
#...........#.##......#
########...##.##.######
##..##.##.#


You could see a gnoll sergeant.

Vanquished Creatures
  Sigmund (D:4)
  Menkaure (D:4)
  A water moccasin (D:5)
  A black bear (D:5)
  A phantom (D:5)
  A scorpion (D:5)
  2 hounds
  A jelly (D:5)
  Natasha (D:3)
  6 iguanas
  5 gnolls
  8 adders
  An ufetubus (D:5)
  3 worms (D:2)
  7 bats
  7 endoplasms
  3 giant cockroaches
  4 goblins
  12 hobgoblins
  9 ball pythons
  3 kobolds
  2 rats
80 creatures vanquished.

Notes
Turn   | Place    | Note
-------+----------+-------------------------------------------
     0 | D:1      | sleeves the Minotaur Cinder Acolyte began the quest for the
                  | Orb.
     0 | D:1      | Reached XP level 1. HP: 19/19 MP: 1/1
   377 | D:1      | Reached skill level 1 in Armour
   377 | D:1      | Reached XP level 2. HP: 27/27 MP: 2/2
   406 | D:1      | Reached skill level 4 in Fighting
   406 | D:1      | Reached skill level 4 in Axes
   943 | D:2      | Reached XP level 3. HP: 23/33 MP: 3/3
  1098 | D:2      | Found a faded altar of an unknown god.
  1379 | D:2      | Reached skill level 2 in Armour
  1774 | D:3      | Reached XP level 4. HP: 41/41 MP: 4/4
  2265 | D:3      | Reached skill level 5 in Fighting
  2265 | D:3      | Reached skill level 3 in Armour
  2280 | D:3      | Found a glowing golden altar of the Shining One.
  2280 | D:3      | Found a snail-covered altar of Cheibriados.
  2295 | D:3      | Noticed Natasha
  2306 | D:3      | Killed Natasha
  2307 | D:3      | Reached skill level 5 in Axes
  2307 | D:3      | Reached XP level 5. HP: 27/48 MP: 5/5
  2441 | D:3      | Found a white marble altar of Elyvilon.
  2606 | D:4      | Found Zixiet's Armour Boutique.
  2750 | D:4      | Noticed Menkaure
  2761 | D:4      | HP: 19/48 [??? (17)]
  2762 | D:4      | HP: 2/48 [Menkaure (17)]
  2763 | D:4      | Killed Menkaure
  2764 | D:4      | Reached skill level 4 in Armour
  2764 | D:4      | Reached XP level 6. HP: 3/57 MP: 6/6
  3167 | D:4      | Noticed Sigmund
  3176 | D:4      | Killed Sigmund
  3177 | D:4      | Reached skill level 6 in Fighting
  3177 | D:4      | Reached skill level 6 in Axes
  3527 | D:5      | Entered Level 5 of the Dungeon
  3594 | D:5      | Found a sacrificial altar of Ru.
  3664 | D:5      | Reached XP level 7. HP: 34/63 MP: 7/7
  3665 | D:5      | HP: 29/63 [iguana (5)]
  3952 | D:5      | Reached skill level 5 in Armour
  4267 | D:5      | HP: 32/64 [poisoned by a scorpion]
  4784 | D:5      | HP: 31/64 [gnoll/+0 spear[a gnoll sergeant] (2)]
  4787 | D:5      | Reached skill level 7 in Fighting
  5028 | D:5      | Reached skill level 7 in Axes
  5042 | D:5      | HP: 29/66 [gnoll/+0 whip[a gnoll sergeant] (5)]
  5089 | D:5      | HP: 28/66 [gnoll sergeant/+1 spear of venom (12)]
  5094 | D:4      | HP: 16/66 [gnoll/+0 flail[a gnoll sergeant] (6)]
  5095 | D:4      | HP: 7/66 [gnoll/+0 flail[a gnoll sergeant] (9)]
  5585 | D:5      | Reached skill level 6 in Armour
  5585 | D:5      | Reached XP level 8. HP: 65/73 MP: 8/8
  5633 | D:5      | HP: 36/73 [acid (5)]
  6091 | D:5      | HP: 35/73 [gnoll sergeant/+1 spear of venom (6)]
  6094 | D:5      | Gained mutation: You are dopey. (Int -2) [potion of
                  | mutation]
  6094 | D:5      | HP: 12/73 [poisoned by a gnoll sergeant]
  6095 | D:5      | HP: 4/73 [poisoned by a gnoll sergeant]
  6098 | D:5      | HP: 1/73 [gnoll sergeant/+1 spear of venom (2)]
  6099 | D:5      | Succumbed to a gnoll sergeant's poison

Illustrated notes

Levels and vault maps discovered:
D:1:      dpeg_arrival_tiny_g, layout_loops_ring
D:2:      layout_loops_ring, hellmonk_ecumenical_altar_crossroads
D:3:      layout_basic, elyvilon_altar_4, mainiacjoe_overflow_large_starburst,
          uniq_natasha
D:4:      layout_rooms, serial_glass, glass_columns_a, glass_columns_c,
          serial_shops, nicolae_shop_waterfront, chequers_serial_rivers_small_3,
          uniq_sigmund, uniq_menkaure
D:5:      layout_loops_corners, mainiacjoe_overflow_24_doors

Skill      XL: |  1  2  3  4  5  6  7 |
---------------+----------------------+-----
Armour         | 1 2 3 4 6 |  6.2
Fighting       | 4 5 6 7 |  7.5
Axes           | 4 5 6 7 |  7.5
Spellcasting   | |  1.0
Fire Magic     | |  2.1

Action                   |  1- 3 |  4- 6 |  7- 9 || total
-------------------------+-------+-------+-------++-------
Melee: Hand axe          |    75 |    91 |   112 ||   278
       Headbutt          |    11 |    13 |    24 ||    48
       Punch             |       |       |     1 ||     1
  Use: Potion            |       |       |     4 ||     4
Armor: Robe              |     9 |       |       ||     9
       Leather armour    |    16 |    14 |     7 ||    37
       Ring mail         |       |       |     3 ||     3
Dodge: Dodged            |    48 |    36 |    48 ||   132
Block: Other             |     4 |    21 |    26 ||    51
